 Dungeon Crawl Stone Soup version 0.31.0-9-g3a7656b989 (webtiles) character file.

Game seed: 11414491011924998413

26 qw the Shooter (level 2, 0/16 HPs)
             Began as a Deep Elf Hunter on Feb 2, 2024.
             Slain by a gnoll
             ... wielding a +0 club
              (8 damage)
             ... on level 1 of the Dungeon.
             The game lasted 00:00:01 (798 turns).

qw the Shooter (Deep Elf Hunter)                     Turns: 798, Time: 00:00:02

Health: 0/16       AC:  3    Str:  8    XL:     2   Next: 89%
Magic:  4/4        EV: 12    Int: 13    God:
Gold:   101        SH:  0    Dex: 18    Spells: 1/1 levels left

rFire   . . .        a - +0 shortbow
rCold   . . .        (shield currently unavailable)
rNeg    . . .        c - +0 leather armour
rPois   .            (no helmet)
rElec   .            (no cloak)
rCorr   .            (no gloves)
SInv    .            (no boots)
Will    .....        (no amulet)
Stlth   ++           (no ring)
HPRegen 0.22/turn    (no ring)
MPRegen 0.09/turn

%: no passive effects
@: no status effects
A: no striking features
a: no special abilities


You were on level 1 of the Dungeon.
You visited 1 branch of the dungeon, and saw 1 of its levels.

You collected 101 gold pieces.


   Skills:
 - Level 1.5 Fighting
 + Level 6.6 Ranged Weapons
 - Level 2.4 Dodging
 - Level 1.2 Stealth


You had one spell level left.
You didn't know any spells.
Your spell library was empty.

Inventory:

Hand Weapons
 a - a +0 shortbow (weapon)
Armour
 c - a +0 leather armour (worn)
Jewellery
 h - a ring of positive energy
Scrolls
 b - a scroll of butterflies
 g - 3 scrolls of identify {unknown}
 i - a scroll of brand weapon {unknown}
 l - a scroll of noise {unknown}
 m - a scroll of fog {unknown}
Potions
 d - a potion of curing {unknown}
 e - 2 potions of brilliance {unknown}
 f - 2 potions of lignification {unknown}
 j - a potion of ambrosia {unknown}
 k - a potion of might {unknown}

Dungeon Overview and Level Annotations

Branches:
Dungeon (1/15)

Altars:


Message History

The arrow closely misses the ball python.
The ball python barely misses you. The ball python misses you.
The ball python bites you. The ball python barely misses you.
You shoot an arrow. The arrow hits the ball python.
You kill the ball python!
You start resting.
HP restored.
You see here a ball python corpse.
g - 2 scrolls labelled COYRIOCAHOL (gained 1)
You now have 96 gold pieces (gained 11).
You see here a +0 club.
You open the door.
There is an open door here.
There is an open door here.
Found a leather armour.
You see here a +0 leather armour.
A dart slug comes into view.
You shoot an arrow. The arrow hits the dart slug!
You kill the dart slug!
m - a scroll labelled ZYEWASELUT
Found a stone staircase leading down.
g - 3 scrolls labelled COYRIOCAHOL (gained 1)
You now have 101 gold pieces (gained 5).
A gnoll comes into view. It is wielding a +0 club.
You shoot an arrow. The arrow barely misses the gnoll.
The gnoll hits you with a +0 club.
You shoot an arrow. The arrow barely misses the gnoll.
The gnoll barely misses you.
You shoot an arrow. The arrow closely misses the gnoll.
The gnoll barely misses you. The gnoll closely misses you.
You shoot an arrow.
The arrow hits the gnoll but does no damage.
The gnoll hits you with a +0 club.
You shoot an arrow. The arrow hits the gnoll!
The gnoll is heavily wounded.
The gnoll hits you with a +0 club.
You shoot an arrow. The arrow closely misses the gnoll.
The gnoll hits you with a +0 club!
Ouch! That really hurt!
You die...

######### #........#
#.######.## ########
####### #..@......#
#....... ......#
#.g#####..###.##....
#####.# #..
#............... #.#
#..##.##..###.......
#.# #.........#
#....... #.#
#........## ##...###
#.# #####.#### ##.##
#.# #.# #.# #.#
####.##### #.#


You could see a gnoll.

Vanquished Creatures
  A gnoll (D:1)
  3 dart slugs (D:1)
  A bat (D:1)
  An endoplasm (D:1)
  2 goblins (D:1)
  3 ball pythons (D:1)
  A frilled lizard (D:1)
12 creatures vanquished.

Notes
Turn   | Place    | Note
-------+----------+-------------------------------------------
     0 | D:1      | qw the Deep Elf Hunter began the quest for the Orb.
     0 | D:1      | Reached XP level 1. HP: 12/12 MP: 3/3
     0 | D:1      | 0 ||| qw: Version: 0.3-a-155-g5e7d8dd
     0 | D:1      | 0 ||| qw: Game counter: 2177
     0 | D:1      | 0 ||| qw: Melee chars always use a shield: true
     0 | D:1      | 0 ||| qw: God list: Okawaru
     0 | D:1      | 0 ||| qw: Allow faded altars: false
     0 | D:1      | 0 ||| qw: Do Orc after clearing Dungeon:15 true
     0 | D:1      | 0 ||| qw: Do second Lair branch before Depths: true
     0 | D:1      | 0 ||| qw: Lair rune preference: random
     0 | D:1      | 0 ||| qw: Goals: Normal
     0 | D:1      | 0 ||| PLANNING D:1-11
    50 | D:1      | Reached skill level 6 in Ranged Weapons
    50 | D:1      | Reached XP level 2. HP: 16/16 MP: 4/4
   798 | D:1      | Slain by a gnoll

Levels and vault maps discovered:
D:1:      dpeg_arrival_oval, layout_loops_corners, minmay_pentomino_q2

Skill      XL: |  1 |
---------------+----+-----
Ranged Weapons | 6 |  6.6
Fighting       | |  1.5
Dodging        | |  2.4
Stealth        | |  1.2

Action                     || total
---------------------------++-------
   Fire: Shortbow          ||    37
 Armour: Leather armour    ||     8
  Dodge: Dodged            ||    10

Table legend:
 A = Non-vault XP
 B = Vault XP
 C = Vault XP percentage of total XP
 D = Non-vault monster count
 E = Vault monster count
 F = Vault count percentage of total count
                 A         B        C        D         E       F
            +---------+---------+-------+---------+---------+-------
      Total |      37 |       1 |   2.6 |      11 |       1 |   8.3
            +---------+---------+-------+---------+---------+-------
        D:1 |      37 |       1 |   2.6 |      11 |       1 |   8.3
            +---------+---------+-------+---------+---------+-------
